 Dungeon Crawl Stone Soup version 0.30.1 (webtiles) character file.

Game seed: 17889731366694219867

349 Graphine the Ducker (level 6, 0/47 HPs)
             Began as a Merfolk Gladiator on July 6, 2023.
             Was a Follower of Uskayaw.
             Slain by Edmund
             ... wielding a +3 heavy dire flail
              (20 damage)
             ... on level 4 of the Dungeon.
             The game lasted 00:08:07 (2334 turns).

Graphine the Ducker (Merfolk Gladiator)             Turns: 2334, Time: 00:08:08

Health: 0/47       AC: 14    Str: 17    XL:     6   Next: 60%
Magic:  0/7        EV: 15    Int:  7    God:    Uskayaw [*.....]
Gold:   201        SH:  0    Dex: 17    Spells: 5/5 levels left

rFire   + . .        a - +1 trident (protect)
rCold   . . .        (no shield)
rNeg    . . .        e - +0 troll leather armour {Pargi}
rPois   .            m - +2 helmet
rElec   .            (no cloak)
rCorr   +            (no gloves)
SInv    .            (no boots)
Will    +....        c - amulet of guardian spirit Stlth
                     f - ring of willpower
HPRegen 1.07/turn    d - ring "Kucugri" {rF+ rCorr Dex+2}
MPRegen 0.10/turn

%: guardian spirit
@: silenced, under a protective aura
A: (nimble swimmer 2), mertail
a: Renounce Religion


You were on level 4 of the Dungeon.
You worshipped Uskayaw.
Uskayaw was noncommittal.
You visited 1 branch of the dungeon, and saw 4 of its levels.

You collected 201 gold pieces.

Inventory:

Hand Weapons
 a - a +1 trident of protection (weapon)
 h - a +2 whip of holy wrath
Missiles
 b - 4 javelins (quivered)
Armour
 e - a +0 troll leather armour (worn) {Pargi}
 m - a +2 helmet (worn)
Magical Staves
 p - a staff of poison
Jewellery
 c - an amulet of guardian spirit (around neck)
 d - the ring "Kucugri" (right hand) {rF+ rCorr Dex+2}
   (You acquired it on level 3 of the Dungeon)

   [ring of protection from fire]

   Dex:       It affects your dexterity (+2).
   rF:        It protects you from fire.
   rCorr:     It protects you from acid and corrosion.
 f - a ring of willpower (left hand)
 n - a ring of protection from cold
Scrolls
 k - a scroll of identify
Potions
 g - 2 potions of heal wounds
 i - 2 potions of haste
 j - a potion of brilliance
 l - 4 potions of degeneration {unknown}
 o - a potion of flight {unknown}
 t - a potion of curing {unknown}


   Skills:
 + Level 3.5 Fighting
 * Level 6.0 Polearms
 + Level 3.1 Throwing
 * Level 6.2 Dodging
 + Level 1.8 Invocations


You had 5 spell levels left.
You didn't know any spells.
Your spell library contained the following spells:

 Spells                   Type           Power      Damage    Failure   Level
 Static Discharge         Conj/Air       0%         2-2/arc   65%         2
 Volatile Blastmotes      Fire/Tloc      0%         2d10      86%         3
 Airstrike                Air            0%         2d(0-16)  99%         4
 Fulminant Prism          Conj/Hex       0%         3d5       99%         4
 Iskenderun's Mystic Bla  Conj/Tloc      0%         2d3       99%         4
 Summon Lightning Spire   Summ/Air       0%         N/A       99%         4
 Lee's Rapid Deconstruct  Erth           0%         3d4*      100%        5


Dungeon Overview and Level Annotations

Branches:
Dungeon (4/15)
 Temple: D:4-7

Altars:
Uskayaw
Xom

Shops:
D:1 =*([[

Annotations:
D:4 Edmund


Innate Abilities, Weirdness & Mutations

((You are very nimble when in or above water. (Stealth+, EV+, Speed+++)))
Your lower body shifts to a powerful aquatic tail in water.


Message History

Edmund is heavily wounded.
Edmund hits you with a +3 heavy dire flail.
The goblin closely misses you. The iguana misses you.
You can no longer pass through a line of other dancers.
Reach: a) +1 trident (protect)
Press: ? - help, Dir - move target, f/p - Edmund
Aim: Edmund, wielding a +3 heavy dire flail and wearing a +0 ring mail (silenced, heavily wounded, about 32% to evade your +1 trident of protection)
You hit Edmund but do no damage.
Edmund is heavily wounded.
The goblin hits you but does no damage. The iguana closely misses you.
Okay, then.
Reach: a) +1 trident (protect)
Press: ? - help, Dir - move target, f/p - Edmund
Aim: Edmund, wielding a +3 heavy dire flail and wearing a +0 ring mail (silenced, heavily wounded, about 32% to evade your +1 trident of protection)
You hit Edmund but do no damage.
Edmund is heavily wounded.
Edmund hits you with a +3 heavy dire flail!!
The goblin misses you. The iguana bites you!
Reach: a) +1 trident (protect)
Press: ? - help, Dir - move target, f/p - Edmund
Aim: Edmund, wielding a +3 heavy dire flail and wearing a +0 ring mail (silenced, heavily wounded, about 32% to evade your +1 trident of protection)
You hit Edmund.
Edmund is heavily wounded.
Edmund hits you with a +3 heavy dire flail.
The goblin hits you but does no damage. The iguana closely misses you.
Reach: a) +1 trident (protect)
Press: ? - help, Dir - move target, f/p - Edmund
Aim: Edmund, wielding a +3 heavy dire flail and wearing a +0 ring mail (silenced, heavily wounded, about 32% to evade your +1 trident of protection)
You barely miss Edmund.
Edmund is heavily wounded.
The goblin misses you.
The iguana bites you but does no damage.
Unknown command.
Reach: a) +1 trident (protect)
Press: ? - help, Dir - move target, f/p - Edmund
Aim: Edmund, wielding a +3 heavy dire flail and wearing a +0 ring mail (heavily wounded, about 32% to evade your +1 trident of protection)
You puncture Edmund!
Edmund is severely wounded.
Edmund hits you with a +3 heavy dire flail!!
You die...

## ##.# #...###
......#
##......#
#@....#
#...@lg...#
..............>
.....##........
....# ..#.....#
.... ..##....#
... ... ....#
(. ..## .....


You could see Edmund, an iguana and a goblin.

Vanquished Creatures
  Pargi (D:3)
  A scorpion (D:3)
  Natasha (thrice) (D:3)
  Terence (D:3)
  3 adders
  A worm (D:2)
  2 dart slugs (D:1)
  4 orcs
  7 endoplasms
  2 giant cockroaches
  5 goblins
  7 hobgoblins
  3 quokkas
  3 ball pythons
  6 bats
  3 frilled lizards (D:3)
  5 kobolds
  5 rats
62 creatures vanquished.

Notes
Turn   | Place    | Note
-------+----------+-------------------------------------------
     0 | D:1      | Graphine the Merfolk Gladiator began the quest for the Orb.
     0 | D:1      | Reached XP level 1. HP: 16/16 MP: 1/1
    93 | D:1      | Reached XP level 2. HP: 22/22 MP: 2/2
   208 | D:1      | Found Tadoxih's Armour Shoppe.
   441 | D:1      | Found Vojythij's Jewellery Boutique.
   517 | D:1      | Found Kolliq's General Store.
   603 | D:1      | Reached XP level 3. HP: 28/28 MP: 3/3
   821 | D:1      | Found Reozuerph's Antique Armour Shoppe.
   848 | D:1      | Found a faded altar of an unknown god.
   852 | D:1      | Prayed at the altar of an unknown god.
   852 | D:1      | Became a worshipper of Uskayaw the Reveller
   852 | D:1      | Reached * piety under Uskayaw
  1066 | D:2      | Reached ** piety under Uskayaw
  1387 | D:2      | Found a shimmering altar of Xom.
  1487 | D:3      | Noticed Natasha
  1497 | D:3      | Killed Natasha
  1498 | D:3      | Reached skill level 5 in Polearms
  1498 | D:3      | Reached skill level 5 in Dodging
  1498 | D:3      | Reached XP level 4. HP: 26/34 MP: 2/4
  1661 | D:3      | Noticed Natasha
  1672 | D:3      | Killed Natasha
  1673 | D:3      | Reached XP level 5. HP: 26/41 MP: 3/5
  1751 | D:3      | Noticed Pargi
  1770 | D:3      | Reached *** piety under Uskayaw
  1777 | D:3      | Killed Pargi
  1778 | D:3      | Reached skill level 1 in Invocations
  1878 | D:3      | Noticed Terence
  1891 | D:3      | Killed Terence
  1892 | D:3      | Reached XP level 6. HP: 47/47 MP: 7/7
  2047 | D:3      | Noticed Natasha
  2081 | D:3      | Killed Natasha
  2081 | D:3      | Reached **** piety under Uskayaw
  2308 | D:3      | Identified a scroll of acquirement
  2308 | D:3      | Acquired the ring "Kucugri" {rF+ rCorr Dex+2}
  2313 | D:4      | Noticed Edmund
  2334 | D:4      | Slain by Edmund

Illustrated notes

Levels and vault maps discovered:
D:1:      dpeg_arrival_pits, layout_basic, serial_shops,
          nicolae_shop_pleasant_corner_grove, nicolae_shop_just_a_little_nook,
          nicolae_shop_back_alley_shop, shop, shop,
          shapermc_ecumenical_altar_acropolis, wad_floor_pattern_untrapped
D:2:      layout_loops_ring, basic_altar, nrook_mini_vaults
D:3:      layout_basic, uniq_terence, uniq_pargi, uniq_natasha
D:4:      layout_cave_pools, mainiacjoe_overflow_cross_hatched,
          nicolae_hepliaklqana_hazy_memory, nicolae_uskayaw_suspiria,
          marbit_many_paths, uniq_menkaure, uniq_edmund, uniq_sigmund

Skill      XL: |  1  2  3  4  5  6 |
---------------+-------------------+-----
Polearms       | 5 6 |  6.0
Dodging        | 5 6 |  6.2
Fighting       | 3 |  3.5
Invocations    | 1 |  1.8
Throwing       | 3 |  3.1

Action                     |  1- 3 |  4- 6 || total
---------------------------+-------+-------++-------
  Melee: Trident           |   108 |   109 ||   217
         Punch             |       |     3 ||     3
  Throw: Stone             |    19 |       ||    19
         Throwing net      |     3 |     2 ||     5
         Javelin           |     6 |    15 ||    21
 Invoke: Stomp             |       |     1 ||     1
    Use: Scroll            |     4 |     5 ||     9
         Potion            |       |     1 ||     1
   Stab: Paralysed         |       |     2 ||     2
         Sleeping          |       |     1 ||     1
 Armour: Leather armour    |    19 |    19 ||    38
         Troll leather arm |       |    36 ||    36
  Dodge: Dodged            |    60 |   105 ||   165
